[Event "Titled Tuesday Blitz July 25 Late 2023"]
[White "Hajiyev, Kanan"]
[Black "Boder, Jan"]
[WhiteFideId "13404148"]
[BlackFideId "16243226"]
[WhiteElo "2585"]
[BlackElo "2308"]
[Result "1-0"]
[Round "4"]
[TimeControl "180+2"]
[Date "2023.07.25"]
[WhiteClock "0:01:49"]
[BlackClock "0:00:14"]
[Board "87"]

1. d4 Nf6 2. Nf3 d5 3. c4 e6 4. cxd5 exd5 5. Nc3 c6 6. Bg5 Bd6 7. Qc2 O-O 8. e3 Bg4 9. Ne5 Be6 10. f4 h6 11. Bh4 Be7 12. Bd3 Ng4 13. Bxe7 Qxe7 14. Qe2 Nxe5 15. fxe5 f6 16. Qh5 f5 17. O-O Qf7 18. Qf3 Nd7 19. Ne2 g6 20. Nf4 Kg7 21. Qg3 Kh7 22. h4 Rg8 23. h5 gxh5 24. Qh3 Rg5 25. Nxe6 Qxe6 26. Bxf5+ Rxf5 27. Qxf5+ Qxf5 28. Rxf5 Kg6 29. Raf1 Rd8 30. Rf7 b6 31. e6 c5 32. Rxd7 1-0


[Site "https://www.chess.com"]

[Event "Titled Tuesday Blitz July 25 Late 2023"]
[White "Kaganskiy, Gleb"]
[Black "Trifan, Andrei Ioan"]
[WhiteFideId "4132025"]
[BlackFideId "12967068"]
[WhiteElo "2304"]
[BlackElo "2583"]
[Result "0-1"]
[Round "4"]
[TimeControl "180+2"]
[Date "2023.07.25"]
[WhiteClock "0:00:38"]
[BlackClock "0:01:17"]
[Board "88"]

1. e4 b6 2. d4 Bb7 3. Bd3 e6 4. Nf3 c5 5. O-O cxd4 6. Nxd4 Bc5 7. Nb3 Be7 8. c4 d6 9. Nc3 Nf6 10. Qe2 O-O 11. Bd2 Nbd7 12. Rae1 a6 13. f4 Qc7 14. Kh1 Rfc8 15. e5 Ne8 16. Ne4 dxe5 17. fxe5 Nxe5 18. Bf4 f6 19. Qh5 g6 20. Nxf6+ Bxf6 21. Bxg6 hxg6 22. Bxe5 gxh5 23. Bxc7 Rxc7 24. Rxe6 Rc6 0-1


[Site "https://www.chess.com"]

[Event "Titled Tuesday Blitz July 25 Late 2023"]
[White "Cappelletto, Joshuaede"]
[Black "rikchessmx"]
[WhiteFideId "2824383"]
[WhiteElo "2578"]
[BlackElo "2278"]
[Result "1-0"]
[Round "4"]
[TimeControl "180+2"]
[Date "2023.07.25"]
[WhiteClock "0:00:32"]
[BlackClock "0:00:00"]
[Board "89"]

1. c4 Nf6 2. g3 e5 3. Bg2 Bc5 4. e3 a6 5. Ne2 O-O 6. O-O Ba7 7. Nbc3 Nc6 8. Rb1 a5 9. a3 d6 10. b4 Bf5 11. d3 axb4 12. axb4 Qc8 13. b5 Ne7 14. Re1 Bh3 15. Bh1 Nd7 16. Bd2 f5 17. Qc2 Ng6 18. Nd5 Nc5 19. Ra1 c6 20. bxc6 bxc6 21. Nb4 f4 22. Bxc6 fxg3 23. hxg3 Qf5 24. f3 e4 25. Nd4 Qg5 26. Kh2 Qh5 27. Rh1 exd3 28. Qb2 Bd7+ 29. Kg2 Qg5 30. Bd5+ Kh8 31. Rh2 h6 32. Rah1 Ne5 33. e4 Qg6 34. Bxh6 1-0


[Site "https://www.chess.com"]

[Event "Titled Tuesday Blitz July 25 Late 2023"]
[White "Djordjevic, Dejan N"]
[Black "Michalczak, Thomas"]
[WhiteFideId "913316"]
[BlackFideId "4622634"]
[WhiteElo "2113"]
[BlackElo "2496"]
[Result "0-1"]
[Round "4"]
[TimeControl "180+2"]
[Date "2023.07.25"]
[WhiteClock "0:00:00"]
[BlackClock "0:00:10"]
[Board "90"]

1. e4 e5 2. Nf3 Nc6 3. Bc4 Nf6 4. d3 Bc5 5. c3 a6 6. O-O Ba7 7. Re1 d6 8. Bb3 O-O 9. Nbd2 Ng4 10. Re2 Kh8 11. h3 Nh6 12. Nf1 f5 13. Bxh6 gxh6 14. N1h2 Qd7 15. Qd2 Qg7 16. Kh1 Ne7 17. d4 fxe4 18. Rxe4 Bf5 19. Rh4 e4 20. Ne1 Rf6 21. Ng4 Rg6 22. Nxh6 Rf8 23. Qe3 d5 24. Bd1 Be6 25. Bg4 Bxg4 26. hxg4 Rff6 27. Nf5 Nxf5 28. gxf5 Rxf5 29. Kg1 c6 30. Qh3 Rf8 31. Nc2 Bb8 32. Ne3 Rgf6 33. Rf1 Rf3 34. Qg4 Qxg4 35. Nxg4 R3f4 36. g3 Rf3 37. Re1 Rd3 38. Re2 Kg7 39. Kg2 Rf5 40. Ne3 Rg5 41. Rg4 h6 42. Rxg5+ hxg5 43. a3 Kg6 44. Kh3 Bd6 45. Kg4 b6 46. Nf5 Bf8 47. Ne3 a5 48. Nf5 c5 49. dxc5 bxc5 50. Ne3 Be7 51. Nf5 Bf6 52. Ne3 d4 53. cxd4 cxd4 54. Nd5 e3 55. fxe3 dxe3 56. Nxe3 Bxb2 57. Nc4 Rd4+ 58. Kf3 g4+ 59. Kg2 Rxc4 60. Rxb2 a4 61. Rb6+ Kf5 62. Rb2 Ke4 63. Kf2 Kd3 0-1


[Site "https://www.chess.com"]

[Event "Titled Tuesday Blitz July 25 Late 2023"]
[White "Chlpik, Martin"]
[Black "Indjic, Aleksandar"]
[WhiteFideId "14923351"]
[BlackFideId "911925"]
[WhiteElo "2223"]
[BlackElo "2953"]
[Result "0-1"]
[Round "4"]
[TimeControl "180+2"]
[Date "2023.07.25"]
[WhiteClock "0:00:39"]
[BlackClock "0:02:04"]
[Board "91"]

1. d4 Nf6 2. Nc3 d6 3. e4 e5 4. dxe5 dxe5 5. Qxd8+ Kxd8 6. Bc4 Ke8 7. Bg5 c6 8. O-O-O Bb4 9. Nge2 Nbd7 10. f3 h6 11. Bd2 a5 12. Kb1 b5 13. Bd3 Bc5 14. Nc1 a4 15. a3 Ke7 16. Rhe1 Rd8 17. Be3 Bxe3 18. Rxe3 Nc5 19. N1a2 Rd6 20. Nb4 Bb7 21. Be2 Rad8 22. Rxd6 Rxd6 23. Kc1 Nfd7 24. Bxb5 cxb5 25. Nxb5 Rb6 26. Nc3 Nf6 27. Re1 g5 28. Rd1 Rd6 29. Nd3 Nxd3+ 30. Rxd3 Rxd3 31. cxd3 Bc6 32. Ne2 Nh5 33. d4 f6 34. d5 Bd7 35. g3 Kd6 36. Kd2 Kc5 37. Kc3 Ng7 38. Nc1 Bb5 39. Na2 Ne8 40. Nb4 Nd6 41. b3 axb3 42. Kxb3 Be2 43. Nc2 Bxf3 44. Ne3 Bxe4 45. Ng4 Bxd5+ 46. Kc3 Ne4+ 47. Kd3 h5 48. Ne3 Nd6 49. a4 Bb7 50. h4 gxh4 51. gxh4 f5 52. Nf1 f4 53. Ke2 e4 54. Nh2 Nf5 0-1


[Site "https://www.chess.com"]

[Event "Titled Tuesday Blitz July 25 Late 2023"]
[White "Gireman, Ja"]
[Black "Miladinovic, Igor"]
[WhiteFideId "5043794"]
[BlackFideId "4203380"]
[WhiteElo "2514"]
[BlackElo "2821"]
[Result "1-0"]
[Round "4"]
[TimeControl "180+2"]
[Date "2023.07.25"]
[WhiteClock "0:01:53"]
[BlackClock "0:01:52"]
[Board "92"]

1. e4 c6 2. d4 d5 3. e5 c5 4. dxc5 Nc6 5. c4 d4 6. Nf3 Bg4 7. h3 Bxf3 8. Qxf3 Qa5+ 9. Bd2 Qxc5 10. e6 Qe5+ 11. Be2 Qd6 12. Qxf7+ Kd8 13. Qxf8+ Kc7 14. Qxa8 d3 15. Bf3 Qxe6+ 16. Kd1 Qxc4 17. Nc3 Nf6 18. Qxh8 Nd4 19. Rc1 Kd7 20. Bxb7 Qb4 21. Qc8+ Kd6 22. Bf4+ e5 23. Qf8+ 1-0


[Site "https://www.chess.com"]

[Event "Titled Tuesday Blitz July 25 Late 2023"]
[White "Koc, Przemyslaw"]
[Black "Stoyanov, Tsvetan"]
[WhiteFideId "1109081"]
[BlackFideId "2917173"]
[WhiteElo "2503"]
[BlackElo "2772"]
[Result "0-1"]
[Round "4"]
[TimeControl "180+2"]
[Date "2023.07.25"]
[WhiteClock "0:00:14"]
[BlackClock "0:01:00"]
[Board "93"]

1. Nf3 d5 2. g3 c6 3. Bg2 Bg4 4. h3 Bh5 5. O-O Nd7 6. d3 Ngf6 7. Nbd2 e6 8. e4 Qc7 9. Qe1 dxe4 10. dxe4 e5 11. g4 Bg6 12. Nh4 Bc5 13. c3 a5 14. a4 O-O 15. Nc4 b5 16. axb5 cxb5 17. Nxg6 hxg6 18. Ne3 Nb6 19. Qe2 Bxe3 20. Bxe3 Nc4 21. Bc1 a4 22. h4 Qd7 23. Bh3 Rad8 24. Kh2 Qd3 25. Qxd3 Rxd3 26. f3 Rfd8 27. Bg2 Nd7 28. Re1 Nc5 29. Kg1 Rd1 30. Bg5 Rxa1 31. Rxa1 f6 32. Bc1 Nb3 0-1


[Site "https://www.chess.com"]

[Event "Titled Tuesday Blitz July 25 Late 2023"]
[White "Panesar Vedant"]
[Black "Mortazavi, Ali"]
[WhiteFideId "35033018"]
[BlackFideId "401323"]
[WhiteElo "2697"]
[BlackElo "2501"]
[Result "1-0"]
[Round "4"]
[TimeControl "180+2"]
[Date "2023.07.25"]
[WhiteClock "0:00:22"]
[BlackClock "0:00:00"]
[Board "94"]

1. d4 Nf6 2. c4 g6 3. Nc3 Bg7 4. e4 O-O 5. Be2 d6 6. Be3 c5 7. d5 b5 8. cxb5 a6 9. a4 Qa5 10. Bd2 Qb4 11. Qc2 e6 12. Nf3 axb5 13. Bxb5 exd5 14. O-O dxe4 15. Na2 Qxb5 16. axb5 exf3 17. gxf3 Bf5 18. Qc1 Nbd7 19. Nc3 Ne5 20. Rxa8 Rxa8 21. Bh6 Nxf3+ 22. Kg2 Bxh6 23. Qxh6 Ne5 24. b6 Rb8 25. Ra1 Bd7 26. f4 Bc6+ 27. Kf1 Neg4 28. Qh4 Kg7 29. Ra6 Ne3+ 30. Ke2 Re8 31. Kd2 Nc4+ 32. Kc1 d5 33. b7 1-0


[Site "https://www.chess.com"]

[Event "Titled Tuesday Blitz July 25 Late 2023"]
[White "D`Arruda, Ricardo D."]
[Black "Haydon, David L"]
[WhiteFideId "100692"]
[BlackFideId "415405"]
[WhiteElo "2501"]
[BlackElo "2625"]
[Result "0-1"]
[Round "4"]
[TimeControl "180+2"]
[Date "2023.07.25"]
[WhiteClock "0:00:18"]
[BlackClock "0:00:17"]
[Board "95"]

1. d4 d5 2. Nf3 Nf6 3. c4 e6 4. Nc3 dxc4 5. e3 a6 6. Bxc4 b5 7. Bb3 Bb7 8. O-O Nbd7 9. Qe2 c5 10. Rd1 Qb6 11. d5 c4 12. dxe6 fxe6 13. Bc2 Bc5 14. a4 O-O 15. axb5 axb5 16. Rxa8 Bxa8 17. b3 Bxf3 18. gxf3 Ne5 19. f4 Nd3 20. Bxd3 cxd3 21. Qxd3 Rb8 22. Bb2 Qc6 23. Rc1 Qf3 24. Qe2 Qh3 25. Nd1 Be7 26. Bxf6 Bxf6 27. f3 h5 28. Nf2 Qf5 29. Ne4 Be7 30. Rc7 Bf8 31. Ng3 Qg6 32. Qc2 Qh6 33. Rc6 h4 34. Ne4 Rd8 35. Ng5 Ra8 36. Rxe6 Qh5 37. h3 Ra1+ 38. Kg2 Ra8 39. b4 Rd8 40. Rc6 Kh8 41. Rc8 Be7 42. Rxd8+ Bxd8 43. Qe4 Bxg5 44. fxg5 Qxg5+ 45. Qg4 Qf6 46. Qc8+ Kh7 47. Qc2+ Kh6 48. Qe4 Qg5+ 49. Kf1 Qf6 50. Qf4+ Qxf4 51. exf4 Kg6 52. Ke2 Kf5 53. Ke3 g6 54. Kd4 Kxf4 55. Kc5 Kxf3 56. Kxb5 g5 57. Kc6 g4 58. hxg4 Kxg4 59. b5 h3 60. b6 h2 61. b7 h1=Q+ 62. Kc7 Qc1+ 63. Kb8 Qb2 64. Ka8 Qa3+ 65. Kb8 Qc5 66. Ka8 Qa5+ 67. Kb8 Kf5 68. Kc8 Qc5+ 69. Kd7 Qb6 70. Kc8 Qc6+ 71. Kb8 Ke6 72. Ka8 Qa4+ 73. Kb8 Kd6 74. Kc8 Qe8# 0-1


[Site "https://www.chess.com"]

[Event "Titled Tuesday Blitz July 25 Late 2023"]
[White "slidingknight2775"]
[Black "Lamaze, Simon"]
[BlackFideId "36069264"]
[WhiteElo "2487"]
[BlackElo "2616"]
[Result "0-1"]
[Round "4"]
[TimeControl "180+2"]
[Date "2023.07.25"]
[WhiteClock "0:00:14"]
[BlackClock "0:00:35"]
[Board "96"]

1. Nf3 Nf6 2. g3 e6 3. Bg2 d5 4. O-O c5 5. c4 Nc6 6. d4 dxc4 7. Qa4 a6 8. dxc5 Bxc5 9. Qxc4 Qe7 10. Bg5 Bb6 11. Nc3 O-O 12. Ne4 e5 13. Nxf6+ gxf6 14. Bh6 Rd8 15. Qh4 Bf5 16. Rfd1 Bg6 17. Be3 Bxe3 18. fxe3 Qc5 19. Kf2 Kg7 20. Rac1 Qb6 21. b3 Rxd1 22. Rxd1 Rd8 23. Rxd8 Nxd8 24. Qc4 Qa5 25. a4 b5 26. axb5 axb5 27. Qd5 Ne6 28. Nh4 Qb6 29. Be4 Qc5 30. Qd3 Qe7 31. Nf5+ Bxf5 32. Bxf5 b4 33. Qc4 Nf8 34. Qh4 Ng6 35. Qc4 h5 36. h3 Qb7 37. g4 h4 38. Qe4 Qc7 39. Qd3 e4 40. Qxe4 Qg3+ 41. Kf1 Qxh3+ 42. Kf2 Qg3+ 43. Kf1 Ne5 44. Qg2 Qxe3 45. Qf2 Qc1+ 46. Kg2 Qg5 47. e3 Nxg4 48. Bxg4 Qxg4+ 49. Kh1 f5 50. Qb2+ Kg6 51. Qe5 Qe4+ 52. Qxe4 fxe4 53. Kh2 Kg5 54. Kh3 f5 55. Kg2 f4 56. Kf2 fxe3+ 57. Kxe3 h3 58. Kf2 e3+ 59. Kg1 h2+ 60. Kxh2 e2 61. Kg2 e1=Q 62. Kf3 Qc3+ 63. Kg2 Qxb3 64. Kh1 Qc3 65. Kh2 b3 66. Kg1 b2 67. Kh1 b1=Q+ 68. Kh2 Qbb2+ 69. Kg1 Qcc1# 0-1


[Site "https://www.chess.com"]

[Event "Titled Tuesday Blitz July 25 Late 2023"]
[White "Tifferet, Shaked"]
[Black "Voege, Tobias"]
[WhiteFideId "2811529"]
[BlackFideId "1270513"]
[WhiteElo "2483"]
[BlackElo "2615"]
[Result "0-1"]
[Round "4"]
[TimeControl "180+2"]
[Date "2023.07.25"]
[WhiteClock "0:00:33"]
[BlackClock "0:01:57"]
[Board "97"]

1. d4 Nf6 2. c4 g6 3. Nf3 Bg7 4. g3 O-O 5. Bg2 d6 6. O-O c6 7. b3 a6 8. Bb2 b5 9. Nbd2 Bb7 10. Qc2 Nbd7 11. a4 b4 12. Rad1 c5 13. d5 e6 14. dxe6 fxe6 15. e4 Qe7 16. Rfe1 Ng4 17. Bxg7 Kxg7 18. h3 Nge5 19. Nxe5 Nxe5 20. f4 Nc6 21. Nf3 Rad8 22. Rd2 Qf6 23. Qd1 e5 24. fxe5 dxe5 25. Rd5 Nd4 26. Nxd4 Bxd5 27. exd5 Qf2+ 28. Kh2 Qxd4 29. Qe2 Rde8 30. Rd1 Rf2 31. Qe1 Qb2 32. Qe4 Ref8 33. Kg1 Re2 34. d6 Rxe4 35. Bxe4 Qf2+ 36. Kh1 Qe2 0-1


[Site "https://www.chess.com"]

[Event "Titled Tuesday Blitz July 25 Late 2023"]
[White "Khater, Sherif"]
[Black "Sargsyan, Anna M."]
[WhiteFideId "2034280"]
[BlackFideId "13308130"]
[WhiteElo "2482"]
[BlackElo "2570"]
[Result "0-1"]
[Round "4"]
[TimeControl "180+2"]
[Date "2023.07.25"]
[WhiteClock "0:00:14"]
[BlackClock "0:00:15"]
[Board "98"]

1. d4 Nf6 2. Bg5 Ne4 3. Bf4 d5 4. f3 Nf6 5. e4 dxe4 6. Nc3 exf3 7. Nxf3 e6 8. Bc4 Be7 9. Qe2 O-O 10. O-O-O b6 11. Ne5 Nd5 12. Nxd5 exd5 13. Bd3 Bg5 14. g3 Be6 15. h4 Bxf4+ 16. gxf4 Nd7 17. f5 Nxe5 18. Qxe5 Bd7 19. Rdg1 f6 20. Qxd5+ Kh8 21. Qg2 Qe7 22. Re1 Qd6 23. Rhg1 Rg8 24. Bc4 Bxf5 25. Bxg8 Rxg8 26. c3 Qf4+ 27. Qd2 Qxh4 28. Re7 c5 29. d5 Qa4 30. b3 Qa3+ 31. Qb2 Qa6 32. c4 b5 33. cxb5 Qxb5 34. Rexg7 Rxg7 35. Qxf6 Bg6 36. d6 Qe8 37. Kb2 Kg8 38. Rc1 Rf7 39. Qg5 Rf5 40. Qd2 Qe5+ 41. Ka3 Qd5 42. Rd1 Qxd2 43. Rxd2 Rf8 44. Ka4 Rb8 45. d7 Rd8 46. Kb5 Bf5 47. Kxc5 Rxd7 48. Rf2 Bg4 49. b4 h5 50. a4 h4 51. Rg2 Rg7 52. b5 h3 53. Rh2 Bf5 54. a5 Rg2 55. Rh1 h2 56. b6 axb6+ 57. axb6 Rc2+ 58. Kd6 Be4 59. Re1 h1=Q 0-1


[Site "https://www.chess.com"]

[Event "Titled Tuesday Blitz July 25 Late 2023"]
[White "Kirillov, Dmitry"]
[Black "Vlassov, Nikolai"]
[WhiteFideId "34180572"]
[BlackFideId "4103360"]
[WhiteElo "2454"]
[BlackElo "2570"]
[Result "1-0"]
[Round "4"]
[TimeControl "180+2"]
[Date "2023.07.25"]
[WhiteClock "0:00:15"]
[BlackClock "0:00:07"]
[Board "99"]

1. d4 Nf6 2. c4 Nc6 3. Nc3 e5 4. d5 Ne7 5. h4 Neg8 6. Qd3 Bc5 7. Qg3 Kf8 8. e4 d6 9. Be3 Bxe3 10. Qxe3 c6 11. f3 cxd5 12. cxd5 Bd7 13. Bd3 h5 14. Nge2 g6 15. g3 Kg7 16. Kf2 Nh6 17. Kg2 Qe7 18. Ng1 Nh7 19. Nh3 f5 20. Ng5 Rhf8 21. Nxh7 Kxh7 22. Qg5 Rf7 23. Qxe7 Rxe7 24. Bb5 Bc8 25. Rac1 Nf7 26. Bd3 f4 27. Nb5 Kg7 28. a3 a6 29. Nc3 Bd7 30. gxf4 exf4 31. Ne2 Ne5 32. Rhd1 Rf8 33. Kf2 Rff7 34. Rc7 Ba4 35. Rxe7 Rxe7 36. Rd2 Rc7 37. Nc3 Bd7 38. Bf1 g5 39. hxg5 Kg6 40. Be2 Kxg5 41. Rd1 h4 42. Rg1+ Kf6 43. Rh1 Ng6 44. Bf1 Rc8 45. Bh3 Bxh3 46. Rxh3 Rh8 47. Ne2 Kg5 48. Nd4 Rh6 49. Ne6+ Kf6 50. Nd4 Ke5 51. Nf5 Rh5 52. Ke2 Kf6 53. Kf2 Ne7 54. Nxd6 Nxd5 55. exd5 Rxd5 56. Ne4+ Ke5 57. Rxh4 Kd4 58. Rxf4 Kd3 59. Rf7 b5 60. Rf6 Kc2 61. Rd6 Rh5 62. Rd2+ Kb3 63. Ke3 a5 64. f4 Rh3+ 65. Kd4 b4 66. axb4 axb4 67. Rd3+ Rxd3+ 68. Kxd3 Kxb2 69. Nc5 b3 70. f5 Ka3 71. Nxb3 Kxb3 72. f6 1-0


[Site "https://www.chess.com"]

[Event "Titled Tuesday Blitz July 25 Late 2023"]
[White "Al Mukhaini, Shima"]
[Black "Tarhan, Adar"]
[WhiteFideId "22005854"]
[BlackFideId "34544712"]
[WhiteElo "2413"]
[BlackElo "2560"]
[Result "0-1"]
[Round "4"]
[TimeControl "180+2"]
[Date "2023.07.25"]
[WhiteClock "0:00:17"]
[BlackClock "0:01:12"]
[Board "100"]

1. d4 Nf6 2. Nc3 d5 3. e4 dxe4 4. f3 exf3 5. Nxf3 Bg4 6. Bg5 e6 7. Bc4 c6 8. Qd2 Bb4 9. a3 Bxc3 10. Qxc3 Ne4 11. Bxd8 Nxc3 12. bxc3 Bxf3 13. gxf3 Kxd8 14. Rg1 g6 15. Rb1 Kc7 16. a4 Nd7 17. a5 b5 18. axb6+ axb6 19. Kd2 Ra5 20. h4 Rha8 21. Rg5 Nf6 22. Rbg1 Ra1 23. Bd3 Rxg1 24. Rxg1 Ra5 25. Rg5 Rxg5 26. hxg5 Ng8 27. Ke3 Kd6 28. c4 h5 29. gxh6 Nxh6 30. c3 g5 31. Be2 f5 32. Bd1 c5 33. Be2 Ke7 34. Kd2 Nf7 35. Kc2 Kf6 36. Kb3 Nd6 37. Ka4 e5 38. dxc5 bxc5 39. Ka5 e4 40. Kb6 exf3 41. Bxf3 g4 42. Bd5 Ne4 43. Bxe4 fxe4 44. Kxc5 g3 45. Kd6 g2 46. c5 g1=Q 47. c6 Qb6 48. Kd7 Qb5 49. Kd6 Qe5+ 50. Kd7 Qxc3 51. c7 e3 52. c8=Q Qxc8+ 53. Kxc8 e2 0-1


[Site "https://www.chess.com"]

[Event "Titled Tuesday Blitz July 25 Late 2023"]
[White "Gatterer, Florian"]
[Black "ATM622"]
[WhiteFideId "811688"]
[WhiteElo "2428"]
[BlackElo "2558"]
[Result "1-0"]
[Round "4"]
[TimeControl "180+2"]
[Date "2023.07.25"]
[WhiteClock "0:00:05"]
[BlackClock "0:00:01"]
[Board "101"]

1. b3 d5 2. Bb2 c5 3. e3 Nc6 4. Nf3 Nf6 5. Bb5 Bf5 6. Bxc6+ bxc6 7. Ne5 Qc7 8. d3 e6 9. Nd2 Bd6 10. Ndf3 O-O 11. h3 Nd7 12. Nxd7 Qxd7 13. Nh4 Bg6 14. Nxg6 fxg6 15. O-O e5 16. c4 d4 17. e4 a5 18. Bc1 Be7 19. Bd2 Rf7 20. Rb1 Bh4 21. Qg4 Qxg4 22. hxg4 Be7 23. f3 h5 24. gxh5 gxh5 25. Kf2 Kh7 26. Ke2 g5 27. Rh1 Kg6 28. a4 Bd8 29. Rh2 h4 30. Rhh1 Bc7 31. Rh2 Raf8 32. Rhh1 Bd8 33. Rbg1 g4 34. Rf1 g3 35. Rb1 Bg5 36. Bxg5 Kxg5 37. Rh3 Rb8 38. Kd2 Rfb7 39. Kc2 Rh7 40. Rbh1 Rbh8 41. Kd2 Kf4 42. Rb1 Kg5 43. Rbh1 Rb8 44. Rb1 Rb6 45. Kc2 Kf4 46. Kd2 Kg5 47. Kc2 Rhb7 48. Rhh1 Kf4 49. Rxh4+ Ke3 50. Rh5 Kf2 51. Rxe5 Kxg2 52. Rf5 Kf2 53. Rg5 Kxf3 54. Rf1+ Ke2 55. Rd1 Kf2 56. Rf5+ Ke3 57. Re1# 1-0


[Site "https://www.chess.com"]

[Event "Titled Tuesday Blitz July 25 Late 2023"]
[White "Alahakoon, Isuru"]
[Black "Mahdavirad, Mehdi"]
[WhiteFideId "9900993"]
[BlackFideId "12502669"]
[WhiteElo "2355"]
[BlackElo "2528"]
[Result "0-1"]
[Round "4"]
[TimeControl "180+2"]
[Date "2023.07.25"]
[WhiteClock "0:00:00"]
[BlackClock "0:00:14"]
[Board "102"]

1. Nf3 b6 2. e4 Bb7 3. Nc3 e6 4. d4 Bb4 5. Bd3 d6 6. O-O Bxc3 7. bxc3 Nd7 8. a4 a5 9. Re1 Ne7 10. Ng5 h6 11. Qh5 g6 12. Qh3 e5 13. f4 exf4 14. e5 dxe5 15. dxe5 Nf8 16. e6 hxg5 17. Qxh8 Qd5 18. exf7+ Kxf7 19. Be4 Qe6 20. Qd4 Nf5 21. Qd3 Re8 22. Ba3 Bxe4 23. Qf1 c5 24. Rad1 Kg7 25. c4 Ne3 26. Bb2+ Kg8 27. Rxe3 fxe3 0-1


[Site "https://www.chess.com"]

[Event "Titled Tuesday Blitz July 25 Late 2023"]
[White "K2JW"]
[Black "Musovic, Armin"]
[BlackFideId "939935"]
[WhiteElo "2369"]
[BlackElo "2523"]
[Result "0-1"]
[Round "4"]
[TimeControl "180+2"]
[Date "2023.07.25"]
[WhiteClock "0:00:07"]
[BlackClock "0:00:12"]
[Board "103"]

1. Nf3 Nf6 2. g3 g6 3. Bg2 Bg7 4. O-O O-O 5. d4 d5 6. c4 c5 7. dxc5 dxc4 8. Qc2 Qc7 9. Qxc4 Be6 10. Qc2 Na6 11. Be3 Ng4 12. Bd4 Rac8 13. Bxg7 Kxg7 14. b4 Kg8 15. a3 Rfd8 16. Nbd2 b6 17. c6 b5 18. Ng5 Bd5 19. Rac1 Bxg2 20. Kxg2 Nb8 21. Qb3 e5 22. Nde4 Qe7 23. h3 Nh6 24. Rc5 Nf5 25. e3 h6 26. Nf3 Nd6 27. Rxe5 Qf8 28. Nf6+ Kg7 29. Ne4 Nxc6 30. Nxd6 Qxd6 31. Rc5 Ne7 32. Rfc1 a6 33. R5c4 0-1


[Site "https://www.chess.com"]

[Event "Titled Tuesday Blitz July 25 Late 2023"]
[White "Chor, Kevin"]
[Black "Duarte, Leonardo"]
[WhiteFideId "2090740"]
[BlackFideId "110582"]
[WhiteElo "2520"]
[BlackElo "2343"]
[Result "1-0"]
[Round "4"]
[TimeControl "180+2"]
[Date "2023.07.25"]
[WhiteClock "0:00:03"]
[BlackClock "0:00:00"]
[Board "104"]

1. e4 e5 2. Nf3 Nc6 3. Bb5 a6 4. Ba4 Nf6 5. O-O Be7 6. Re1 b5 7. Bb3 O-O 8. d4 d6 9. c3 Bg4 10. Be3 Re8 11. Nbd2 exd4 12. cxd4 d5 13. e5 Ne4 14. Nxe4 dxe4 15. Qc2 exf3 16. Qxc6 fxg2 17. Qxg2 Bf5 18. Rad1 Bb4 19. Re2 Qd7 20. a3 Bh3 21. Qg3 Bf8 22. Red2 Qg4 23. Qxg4 Bxg4 24. Rc1 Rac8 25. Rc6 a5 26. f4 Bd7 27. Ra6 a4 28. Bc2 c6 29. Be4 Ra8 30. Rxc6 Bxc6 31. Bxc6 b4 32. Bxa8 Rxa8 33. axb4 Bxb4 34. Rc2 Kf8 35. d5 Ke8 36. Rc4 a3 37. bxa3 Bxa3 38. d6 Bb2 39. Rc7 Ra3 40. Bb6 Rb3 41. d7+ 1-0


[Site "https://www.chess.com"]

[Event "Titled Tuesday Blitz July 25 Late 2023"]
[White "Senft, Sean"]
[Black "Machidon, Cristi"]
[WhiteFideId "2044960"]
[BlackFideId "13904590"]
[WhiteElo "2314"]
[BlackElo "2519"]
[Result "1-0"]
[Round "4"]
[TimeControl "180+2"]
[Date "2023.07.25"]
[WhiteClock "0:00:38"]
[BlackClock "0:00:00"]
[Board "105"]

1. d4 Nf6 2. c4 e6 3. Nc3 Bb4 4. Nf3 O-O 5. Bg5 c5 6. e3 Qa5 7. Bxf6 Bxc3+ 8. bxc3 gxf6 9. Qc2 b6 10. Bd3 cxd4 11. exd4 Kg7 12. h4 Bb7 13. Rh3 f5 14. h5 Bxf3 15. gxf3 Nc6 16. Ke2 Kh8 17. Rg1 Rg8 18. Rhg3 Rac8 19. Qd2 Rxg3 20. Rxg3 Rg8 21. Rxg8+ Kxg8 22. Qg5+ Kf8 23. Qd2 Qa3 24. h6 Qe7 25. Qf4 Qa3 26. d5 Nd8 27. Qe5 Ke8 28. d6 f6 29. Qxf6 Qxd6 30. Qh8+ Ke7 31. Qxh7+ Nf7 32. Qg7 Qe5+ 33. Kf1 Qxg7 34. hxg7 Nh6 35. Ke2 Kf6 36. Kd2 Kxg7 37. Kc2 Kf6 38. Kb3 Ke7 39. Kb4 Kd6 40. Kb5 Kc7 41. c5 bxc5 42. Kxc5 Nf7 43. f4 Nh8 44. Kd4 Ng6 45. Ke3 Kb6 46. Bc2 Kc5 47. Bb3 Kd6 48. Kd4 1-0


[Site "https://www.chess.com"]

[Event "Titled Tuesday Blitz July 25 Late 2023"]
[White "campochess"]
[Black "Shapiro, Viktor"]
[BlackFideId "4175700"]
[WhiteElo "2174"]
[BlackElo "2518"]
[Result "1/2-1/2"]
[Round "4"]
[TimeControl "180+2"]
[Date "2023.07.25"]
[WhiteClock "0:00:36"]
[BlackClock "0:00:04"]
[Board "106"]

1. d4 Nf6 2. Bg5 c5 3. d5 Qb6 4. Bxf6 gxf6 5. Qc1 Bh6 6. e3 d6 7. Nc3 Nd7 8. a4 Qa5 9. Nf3 a6 10. Nd2 Ne5 11. Be2 Bd7 12. O-O O-O 13. f4 Ng6 14. Nc4 Qb4 15. Ra3 b5 16. Rb3 bxc4 17. Rxb4 cxb4 18. Nd1 Rfc8 19. Qd2 a5 20. b3 c3 21. Qe1 f5 22. Nf2 e6 23. Bc4 Rc5 24. dxe6 fxe6 25. Nd3 Rc7 26. Nc1 d5 27. Be2 Rd8 28. g4 d4 29. gxf5 exf5 30. Bc4+ Rxc4 31. bxc4 Re8 32. Rf3 Bc6 33. Rh3 Bxf4 34. Nd3 Bxe3+ 35. Kf1 Be4 36. Qe2 f4 37. Nc5 Bf5 38. Rh5 Rf8 39. Rxf5 Rxf5 40. Ne4 f3 41. Qd1 Rf4 42. Qd3 Kg7 43. c5 Ne5 44. Qa6 Rxe4 45. Qb7+ Kf6 46. Qxe4 b3 47. cxb3 f2 48. c6 Nxc6 49. Qxc6+ Ke5 50. Qb5+ Ke4 51. Qb7+ Kd3 52. Qxh7+ Kd2 53. Qb1 c2 54. Qb2 d3 55. b4 axb4 56. Qxb4+ Kd1 57. Qb3 Kd2 58. Qb4+ Kd1 59. Qb3 Kd2 60. Qb4+ 1/2-1/2


[Site "https://www.chess.com"]

[Event "Titled Tuesday Blitz July 25 Late 2023"]
[White "Hambleton, Aman"]
[Black "Mohamed Saeed Laily"]
[WhiteFideId "2606577"]
[BlackFideId "9314946"]
[WhiteElo "2763"]
[BlackElo "2281"]
[Result "1-0"]
[Round "4"]
[TimeControl "180+2"]
[Date "2023.07.25"]
[WhiteClock "0:00:06"]
[BlackClock "0:00:00"]
[Board "107"]

1. b3 d5 2. Bb2 Nf6 3. Nf3 g6 4. Bxf6 exf6 5. d4 Bg7 6. e3 O-O 7. Be2 c6 8. O-O Bg4 9. Nbd2 Nd7 10. h3 Bxf3 11. Nxf3 f5 12. g3 Re8 13. Rc1 Qa5 14. c3 Bf6 15. Qc2 Kg7 16. Rfd1 h5 17. h4 Qc7 18. c4 Qd6 19. Kg2 Re4 20. Bd3 Ree8 21. Rb1 Rac8 22. c5 Qc7 23. b4 a6 24. a4 Ra8 25. Rb3 Be7 26. Rdb1 Nf6 27. b5 axb5 28. axb5 Reb8 29. Ng1 Ng4 30. Nf3 Bf6 31. Be2 Re8 32. bxc6 bxc6 33. Rb7 Qc8 34. Ng1 Nxe3+ 35. fxe3 Rxe3 36. Nf3 Qe6 37. Bf1 Raa3 38. R7b3 Raxb3 39. Rxb3 f4 40. Rxe3 Qxe3 41. Qd2 Qe6 42. Qxf4 Qe8 43. Qd2 Qa8 44. Be2 Qa4 45. Kf2 Qb3 46. Qe3 Qb1 47. Ne5 Qf5+ 48. Qf4 Qh3 49. Bf3 Qh2+ 50. Bg2 g5 51. hxg5 1-0


[Site "https://www.chess.com"]